 Dungeon Crawl Stone Soup version 0.21-a0-442-g848f44b (webtiles) character file.

4 theanonym the Ruffian (level 1, -2/16 HPs)
             Began as a Draconian Transmuter on Nov 15, 2017.
             Slain by a leopard gecko (3 damage)
             ... on level 1 of the Dungeon.
             The game lasted 00:00:37 (76 turns).

theanonym the Ruffian (Draconian Transmuter)          Turns: 76, Time: 00:00:38

Health: -2/16      AC:  4    Str: 12    XL:     1   Next: 58%
Magic:  2/3        EV: 12    Int: 13    God:
Gold:   15         SH:  0    Dex: 11    Spells: 3/4 levels left

rFire    . . .     SeeInvis .     - Unarmed
rCold    . . .     Gourm    .   (no shield)
rNeg     . . .     Faith    .   (armour unavailable)
rPois    .         Spirit   .   (helmet restricted)
rElec    .         Reflect  .   (no cloak)
rCorr    .         Harm     .   (no gloves)
MR       .....                  (no boots)
Stlth    +.........             (no amulet)
HPRegen  0.05/turn              (no ring)
MPRegen  0.08/turn              (no ring)

@: appendage (expiring)
A: unfitting armour, horns 2, cold-blooded, AC +4
a: End Transformation


Innate Abilities, Weirdness & Mutations

Your plain brown scales are hard. (AC +4)
You cannot fit into any form of body armour.
You are cold-blooded and may be slowed by cold attacks.
You have a pair of horns on your head.


   Skills:
 - Level 1.1 Fighting
 - Level 1.7 Dodging
 + Level 3.1 Unarmed Combat
 + Level 2.1 Spellcasting
 + Level 2.1 Transmutations


You had 3 spell levels left.
You knew the following spells:

 Your Spells              Type           Power        Failure   Level  Hunger
q - Beastly Appendage     Tmut           #.....       11%         1    ##.....

Action                   || total
-------------------------++-------
Melee: Unarmed           ||    21
       Tailslap          ||     3
       Kick              ||     1
 Cast: Beastly Appendage ||     2
Armor: Skin              ||     5
Dodge: Dodged            ||    18

Inventory:

Missiles
 a - 12 arrows
Scrolls
 g - a scroll of identify {unknown}
Potions
 e - a potion of invisibility {unknown}
Books
 b - a book of Changes

   Spells                             Type                      Level
   a - Beastly Appendage              Transmutation                1
   b - Sticks to Snakes               Transmutation                2
   c - Spider Form                    Transmutation/Poison         3
   d - Ice Form                       Ice/Transmutation            4
   e - Blade Hands                    Transmutation                5
Comestibles
 c - a bread ration
 d - 3 chunks of flesh
 f - 2 meat rations

Dungeon Overview and Level Annotations

Branches:
Dungeon (1/15)

Altars:


You were on level 1 of the Dungeon.
You were not hungry.
You had grown temporary horns.
You visited 1 branch of the dungeon, and saw 1 of its levels.

You collected 15 gold pieces.


Message History

You barely miss the bat. You claw the bat.
You kill the bat!
The rat bites you but does no damage.
You closely miss the rat. Your kick misses the rat. You tail-slap the rat.
The rat bites you but does no damage.
You hit the rat.
You kill the rat!
No target in view!
No target in view!
You enter the shallow water.
Moving in this stuff is going to be slow.
Your transformation is almost over.
You butcher the rat corpse.
You hear a splash.
d - a chunk of flesh You see here a rat skeleton. x2
You butcher the bat corpse.
d - 2 chunks of flesh (gained 1)
Your talons disappear.
f - a meat ration;
e - a smoky silvery potion MP restored: 3
Found 27 stones.
A kobold comes into view. It is wielding a dagger.
A kobold is nearby!
A kobold is nearby!
A kobold is nearby!
The kobold shouts!
You hit the kobold. The kobold closely misses you.
You hit the kobold.
You kill the kobold!
No target in view!
Things that are here:
a dagger; a kobold corpse No target in view!
f - 2 meat rations (gained 1)
You now have 15 gold pieces.
A leopard gecko comes into view.
A leopard gecko is nearby!
A leopard gecko is nearby!
A leopard gecko is nearby!
A leopard gecko is nearby!
A leopard gecko is nearby!
The leopard gecko hisses angrily.
Found a scratched onyx ring.
The leopard gecko misses you.
You barely miss the leopard gecko. The leopard gecko barely misses you.
The leopard gecko misses you.
You closely miss the leopard gecko.
You tail-slap the leopard gecko, but do no damage.
The leopard gecko closely misses you.
You hit the leopard gecko. The leopard gecko bites you.
You take 2 damage, and have 14/16 hp.
You barely miss the leopard gecko. The leopard gecko barely misses you.
You hit the leopard gecko.
You kill the leopard gecko!
No target in view!
No target in view!
g - a scroll labeled MIUGGI LOMISI You butcher the leopard gecko corpse.
d - 3 chunks of flesh (gained 1)
A leopard gecko comes into view.
You aren't carrying any pieces of jewellery.
The leopard gecko barely misses you.
Found 6 javelins.
You completely miss the leopard gecko. The leopard gecko closely misses you.
You barely miss the leopard gecko. The leopard gecko bites you.
You take 5 damage, and have 10/16 hp.
MASSIVE DAMAGE!!
You are too injured to fight recklessly!
You are too injured to fight recklessly!
You are too injured to fight recklessly!
You are too injured to fight recklessly!
You grow a pair of large bovine horns.
The leopard gecko bites you but does no damage.
The leopard gecko closely misses you.
You now have 2/3 mp.
You are too injured to fight recklessly!
You are too injured to fight recklessly!
You closely miss the leopard gecko.
The leopard gecko completely misses you.
You barely miss the leopard gecko. The leopard gecko bites you.
* * * LOW HITPOINT WARNING * * *
You take 5 damage, and have 5/16 hp.
MASSIVE DAMAGE!!
You closely miss the leopard gecko.
Your transformation is almost over.
The leopard gecko barely misses you.
You closely miss the leopard gecko. The leopard gecko bites you.
* * * LOW HITPOINT WARNING * * *
You take 1 damage, and have 4/16 hp.
You barely miss the leopard gecko. The leopard gecko barely misses you.
You hit the leopard gecko but do no damage.
The leopard gecko barely misses you.
You completely miss the leopard gecko. Your headbutt misses the leopard gecko.
You tail-slap the leopard gecko, but do no damage.
The leopard gecko closely misses you.
You hit the leopard gecko. Your headbutt misses the leopard gecko.
The leopard gecko closely misses you. The leopard gecko bites you.
* * * LOW HITPOINT WARNING * * *
You take 3 damage, and have 1/16 hp.
You closely miss the leopard gecko. The leopard gecko bites you.
You die...

## .......# #.........#
#..####...#### #.........#
#............###.........#
..##.................(....#
...............##.........#
....#.......##..#....)....#
. .#...........###........
..........####...#........
...#.....@.####...........
....#.....l.=....##........
$.................#........
................#.###.#####
..............#......####
.#####........#..........
##.......#......#...
#....(..#.....≈≈÷§§
#.....≈8≈≈≈


You could see a leopard gecko.

Notes
Turn   | Place    | Note
-------+----------+-------------------------------------------
     0 | D:1      | theanonym the Draconian Transmuter began the quest for the Orb.
     0 | D:1      | Reached XP level 1. HP: 16/16 MP: 3/3
    69 | D:1      | HP: 5/16 [leopard gecko (5)]
    75 | D:1      | HP: 1/16 [leopard gecko (3)]
    76 | D:1      | Slain by a leopard gecko

Vanquished Creatures
  A leopard gecko (D:1)
  A bat (D:1)
  A kobold (D:1)
  A rat (D:1)
4 creatures vanquished.
